 Dungeon Crawl Stone Soup version 0.30.0-15-g856e2d3f33 (webtiles) character file.

Game seed: 2437421671138417667

7683 Daunt the Spear-Bearer (level 11, 74/77 HPs)
             Began as a Demonspawn Summoner on May 18, 2023.
             Was a Believer of Kikubaaqudgha.
             Quit the game on level 10 of the Dungeon.
             The game lasted 01:05:16 (10260 turns).

Daunt the Spear-Bearer (Demonspawn Summoner)       Turns: 10260, Time: 01:05:16

Health: 74/77      AC:  5    Str:  9    XL:     11   Next: 0%
Magic:  24/24      EV: 12    Int: 21    God:    Kikubaaqudgha [**....]
Gold:   553        SH:  0    Dex: 13    Spells: 5/16 levels left

rFire   . . .        a - +3 trident (freeze)
rCold   . . .        (no shield)
rNeg    . . .        O - +0 troll leather armour
rPois   .            (helmet restricted)
rElec   .            (no cloak)
rCorr   .            (no gloves)
SInv    .            (no boots)
Will    .....        f - amulet of the acrobat
Stlth   ++           y - ring of magical power
HPRegen 1.12/turn    D - ring of wizardry
MPRegen 0.19/turn

%: acrobat, wizardry (x1)
@: no status effects
A: antennae 1, demonic guardian 2, foul stench 2, sharp scales 1
a: Renounce Religion, Unearth Wretches


You were on level 10 of the Dungeon.
You worshipped Kikubaaqudgha.
Kikubaaqudgha was pleased with you.
You visited 2 branches of the dungeon, and saw 11 of its levels.

You collected 553 gold pieces.

Inventory:

Hand Weapons
 a - a +3 trident of freezing (weapon)
 N - a +2 halberd
Missiles
 c - 80 stones
 e - 12 poisoned darts
 r - a throwing net
 z - 2 boomerangs
 F - 5 javelins
 S - 5 datura-tipped darts
Armour
 d - a +0 helmet of see invisible
 h - an orb of light
 k - a +0 kite shield
 G - a +0 robe
 L - a +0 scale mail of fire resistance
 O - a +0 troll leather armour (worn)
 P - +0 acid dragon scales
 Q - a +3 ring mail
Jewellery
 f - an amulet of the acrobat (around neck)
 y - a ring of magical power (left hand)
 D - a ring of wizardry (right hand)
 H - an amulet of faith
 M - an amulet of magic regeneration
Wands
 i - a wand of mindburst (17)
 s - a wand of polymorph (9)
 B - a wand of paralysis (19)
 C - a wand of digging (9)
 K - a wand of iceblast (6)
Scrolls
 g - 4 scrolls of blinking
 j - a scroll of amnesia {unknown}
 n - 2 scrolls of fear {unknown}
 p - 3 scrolls of teleportation
 q - 2 scrolls of magic mapping {unknown}
 E - 2 scrolls of enchant armour {unknown}
 J - a scroll of immolation {unknown}
 R - a scroll of enchant weapon {unknown}
Potions
 b - a potion of magic
 l - 4 potions of ambrosia
 m - 4 potions of brilliance {unknown}
 o - 4 potions of haste
 t - 4 potions of heal wounds {unknown}
 u - 5 potions of curing
 v - a potion of attraction
 w - 2 potions of mutation
 x - 2 potions of might
 A - a potion of berserk rage
 I - 2 potions of lignification


   Skills:
 - Level 4.0 Fighting
 + Level 11.5 Polearms
 - Level 2.0 Armour
 - Level 4.0 Dodging
 - Level 4.0 Stealth
 - Level 3.0 Spellcasting
 - Level 3.0 Hexes
 - Level 6.0 Summonings
 - Level 4.0 Necromancy
 - Level 2.0 Air Magic
 - Level 4.0 Evocations


You had 5 spell levels left.
You knew the following spells:

 Your Spells              Type           Power      Damage    Failure   Level
a - Summon Small Mammal   Summ           100%       N/A       1%          1
c - Call Canine Familiar  Summ           28%        N/A       1%          3
d - Cigotuvi's Dreadful   Necr/Pois/Air  22%        N/A       4%          2
g - Summon Guardian Gole  Hex/Summ       22%        N/A       3%          3
i - Call Imp              Summ           56%        N/A       1%          2

Your spell library contained the following spells:

 Spells                   Type           Power      Damage    Failure   Level
 Necrotise                Necr           76%        1d7       1%          1
 Sublimation of Blood     Necr           19%        N/A       2%          2
 Shock                    Conj/Air       28%        1d4       4%          1
 Beastly Appendage        Tmut           6%         N/A       8%          1
 Swiftness                Air            11%        N/A       10%         3
 Wereblood                Tmut           3%         N/A       11%         2
 Animate Dead             Necr           19%        N/A       14%         4
 Summon Lightning Spire   Summ/Air       19%        N/A       14%         4
 Frozen Ramparts          Ice            6%         1d1       21%         3
 Ozocubu's Armour         Ice            3%         N/A       21%         3
 Spider Form              Tmut/Pois      3%         N/A       21%         3
 Summon Ice Beast         Ice/Summ       15%        N/A       21%         4
 Airstrike                Air            5%         2d(1-17)  30%         4
 Ice Form                 Ice/Tmut       3%         N/A       54%         4
 Ozocubu's Refrigeration  Ice            1%         4d7       100%        7


Dungeon Overview and Level Annotations

Branches:
Dungeon (10/15)            Temple (1/1) D:6            Lair (0/5) D:9
    Orc: D:9-12

Altars:
Cheibriados
Dithmenos
Fedhas
Kikubaaqudgha
Makhleb
Nemelex Xobeh
Ru
Trog
Uskayaw
Vehumet
Xom
Yredelemnul

Shops:
D:9 (

Annotations:
D:3 1 runed translucent door, Liamsmithers's ghost, amateur TrBe
D:7 exclusion: deep elf pyromancer


Innate Abilities, Weirdness & Mutations

You have a pair of small antennae on your head.
A demonic guardian rushes to your aid.
You sometimes emit foul miasma when damaged in melee.
You are partially covered in razor-sharp scales. (AC +1, Slay +1)


Message History

Unknown command.
The howler monkey hoots and howls with incredible vigour!
The orc warrior barely misses your guardian golem.
The orc warrior hits your guardian golem but does no damage.
The orc warrior hits your guardian golem with a +0 battleaxe!
Your guardian golem overheats!
The orc warrior hits your guardian golem with a +0 battleaxe!
Your guardian golem disappears in a puff of smoke!
Your guardian golem explodes!
The fiery explosion engulfs the orc warrior!!
The orc warrior dies!
Kikubaaqudgha accepts your kill.
Unknown command.
Unknown command.
You start resting.
A howler monkey is nearby!
You hit the howler monkey. You freeze the howler monkey.
The howler monkey is lightly wounded.
The howler monkey hoots and howls with incredible vigour!
You hear a shout!
You puncture the howler monkey! You freeze the howler monkey.
The howler monkey is almost dead.
The howler monkey hits you.
You emit a cloud of foul miasma!
You closely miss the howler monkey.
The howler monkey is almost dead.
You barely miss the howler monkey.
The howler monkey is almost dead.
The howler monkey is engulfed in dark miasma.
The howler monkey is poisoned.
You kill the howler monkey!
Kikubaaqudgha accepts your kill.
You have reached level 11!
Your demonic ancestry asserts itself...
A pair of antennae grows on your head!
Your +0 helmet of see invisible falls away!
You feel less perceptive.
Unknown command.
Unknown command.
Unknown command.
Are you sure you want to abandon this character and quit the game? (Confirm with "yes".)

#.# # #.# #. #.# #..
#.#
#...#######.#########.
............##........
.##.......†....#
#.#.#...######.##.#
#.......@☼.# ....
###.#...##.#..#....
#...#.###.#.. .....#
#........§§....oo..#
#...#.###.#.#.o....#
#####. #.#.# #....# #.
#.. # #. ... ###


There were no monsters in sight!

Vanquished Creatures
  5 yaks
  A steam dragon (D:8)
  An acid dragon (D:8)
  2 ice beasts (D:7)
  2 wolves (D:8)
  2 centaurs
  2 bullfrogs
  A scorpion (D:7)
  A wight (D:9)
  4 killer bees (D:7)
  An electric eel (D:9)
  2 howler monkeys (D:10)
  6 hounds
  2 orc priests
  6 orc wizards
  A nameless horror (D:5)
  A gnoll (D:8)
  A shadow imp (D:3)
  An ufetubus (D:4)
  A worm (D:3)
  A dart slug (D:1)
  13 orcs
  6 endoplasms
  2 giant cockroaches
  6 goblins
  6 hobgoblins
  6 kobolds
  4 quokkas
  7 ball pythons
  3 rats
  A butterfly (D:6)
98 creatures vanquished.

Vanquished Creatures (collateral kills)
  A wyvern (D:9)
  3 yaks (D:9)
  An acid dragon (D:8)
  A water moccasin (D:5)
  A sky beast (D:6)
  2 ogres
  2 centaurs
  2 phantoms (D:6)
  2 scorpions
  2 killer bees (D:7)
  2 howler monkeys
  An electric eel (D:9)
  6 hounds
  5 orc priests
  A sleepcap (D:5)
  3 iguanas
  Robin (D:4)
  7 gnolls
  3 adders
  2 white imps
  A dart slug (D:4)
  19 orcs
  4 endoplasms
  3 giant cockroaches
  5 goblins
  7 hobgoblins
  2 kobolds
  5 quokkas
  2 ball pythons
  3 bats
  A frilled lizard (D:1)
  A rat (D:3)
  A butterfly (D:6)
102 creatures vanquished.

Vanquished Creatures (others)
  2 trolls (D:9)
  A hornet (D:10)
  A wyvern (D:9)
  9 yaks
  Grum (D:8)
  An orc warrior (D:10)
  2 wolves (D:8)
  A kobold brigand (D:8)
  2 gnoll sergeants (D:8)
  3 wights (D:9)
  A hound (D:9)
  An orc priest (D:8)
  4 gnolls (D:8)
29 creatures vanquished.

Grand Total: 229 creatures vanquished

Notes
Turn   | Place    | Note
-------+----------+-------------------------------------------
     0 | D:1      | Daunt the Demonspawn Summoner began the quest for the Orb.
     0 | D:1      | Reached XP level 1. HP: 13/13 MP: 3/3
   145 | D:1      | Gained mutation: A weak demonic guardian rushes to your
                  | aid. [demonic ancestry]
   145 | D:1      | Reached XP level 2. HP: 3/19 MP: 1/5
   271 | D:1      | Found a faded altar of an unknown god.
   781 | D:2      | Learned a level 2 spell: Call Imp
   903 | D:2      | Reached skill level 5 in Summonings
  1008 | D:2      | Gained mutation: A demonic guardian rushes to your aid.
                  | [demonic ancestry]
  1008 | D:2      | Reached XP level 3. HP: 18/24 MP: 4/6
  1342 | D:3      | Reached skill level 1 in Fighting
  1355 | D:3      | Reached XP level 4. HP: 7/32 MP: 5/7
  1501 | D:3      | Identified the +6 great sword of the End {flame, rF+}
  2254 | D:3      | Found a runed translucent door.
  2259 | D:3      | Noticed Liamsmithers's ghost (amateur TrBe)
  2335 | D:4      | Noticed a scorpion
  2358 | D:4      | Gained mutation: You may rarely emit foul miasma when
                  | damaged in melee. [demonic ancestry]
  2358 | D:4      | Reached XP level 5. HP: 39/39 MP: 8/8
  2605 | D:4      | Noticed a centaur
  2605 | D:4      | Noticed a wyvern
  2955 | D:4      | Gained mutation: You sometimes emit foul miasma when
                  | damaged in melee. [demonic ancestry]
  2955 | D:4      | Reached XP level 6. HP: 47/47 MP: 10/10
  3039 | D:4      | Noticed Robin
  3058 | D:4      | Killed Robin
  3247 | D:5      | Entered Level 5 of the Dungeon
  3315 | D:5      | Noticed a water moccasin
  3321 | D:5      | Learned a level 3 spell: Call Canine Familiar
  3369 | D:5      | Killed a water moccasin
  3374 | D:5      | Learned a level 3 spell: Summon Guardian Golem
  3502 | D:5      | Reached skill level 1 in Evocations
  3502 | D:5      | Gained mutation: You are partially covered in razor-sharp
                  | scales. (AC +1, Slay +1) [demonic ancestry]
  3502 | D:5      | Reached XP level 7. HP: 52/52 MP: 7/11
  3885 | D:5      | Reached skill level 1 in Polearms
  4100 | D:5      | Reached skill level 2 in Polearms
  4766 | D:6      | Reached skill level 3 in Polearms
  4885 | D:6      | Reached XP level 8. HP: 45/58 MP: 12/12
  5005 | D:6      | Reached skill level 4 in Polearms
  5179 | D:6      | Found a staircase to the Ecumenical Temple.
  5188 | Temple   | Entered the Ecumenical Temple
  5196 | Temple   | Became a worshipper of Kikubaaqudgha
  5306 | D:6      | Reached skill level 5 in Polearms
  5414 | D:6      | Found a radiant altar of Vehumet.
  5590 | D:7      | Found a sparkling altar of Nemelex Xobeh.
  5646 | D:7      | Reached skill level 6 in Polearms
  6049 | D:7      | Reached skill level 7 in Polearms
  6302 | D:7      | Noticed a deep elf pyromancer
  6315 | D:7      | Reached XP level 9. HP: 63/63 MP: 13/13
  6983 | D:8      | Found a shimmering altar of Xom.
  7228 | D:8      | Reached skill level 8 in Polearms
  7560 | D:8      | Noticed Grum
  7584 | D:8      | Killed Grum
  7613 | D:8      | Reached * piety under Kikubaaqudgha
  7613 | D:8      | Received a gift from Kikubaaqudgha
  7616 | D:8      | Reached skill level 1 in Necromancy
  7739 | D:8      | Learned a level 2 spell: Cigotuvi's Dreadful Rot
  8368 | D:8      | Reached skill level 1 in Armour
  8373 | D:8      | Reached XP level 10. HP: 68/71 MP: 14/14
  9130 | D:9      | Reached skill level 9 in Polearms
  9364 | D:9      | Found a staircase to the Lair.
  9539 | D:9      | Reached ** piety under Kikubaaqudgha
  9755 | D:9      | Found Ythrucem's Weapon Boutique.
  9914 | D:9      | Reached skill level 10 in Polearms
 10007 | D:10     | Entered Level 10 of the Dungeon
 10019 | D:9      | Reached skill level 11 in Polearms
 10260 | D:10     | Gained mutation: You have a pair of small antennae on your
                  | head. [demonic ancestry]
 10260 | D:10     | Reached XP level 11. HP: 74/77 MP: 15/15
 10260 | D:10     | Quit the game

Illustrated notes

Levels and vault maps discovered:
D:1:      minmay_arrival_four_houses, layout_rooms, basic_ecumenical_altar,
          corexii_corridor_pit, minmay_bisected
D:2:      layout_rooms
D:3:      layout_loops_ring, ebering_ghost_reflecting_pool, serial_bayou_pond_e
D:4:      layout_cave_pods, lightli_corner_chamber, uniq_robin
D:5:      layout_basic
D:6:      layout_basic, nicolae_vehumet_altar_sigil,
          minmay_temple_entry_butterflies
D:7:      layout_rooms, mainiacjoe_overflow_alcove_1, guppyfry_early_elven_hall
D:8:      minmay_general_purpose_star, layout_layer_cave,
          mainiacjoe_overflow_catwalk, uniq_grum
D:9:      layout_roguey, erik_lair_island, serial_shops, nicolae_shop_crystal,
          minmay_misc_feat_tiny, minmay_misc_feat_roman
D:10:     layout_loops_ring, mainiacjoe_overflow_cross_hatched,
          mainiacjoe_overflow_swirl, dk_noncrumbling_4, uniq_nergalle
Temple:   lightli_temple_of_artemis

Skill      XL: |  1  2  3  4  5  6  7  8  9 10 |
---------------+-------------------------------+-----
Summonings     | 5 6 |  6.0
Stealth        | 2 3 4 |  4.0
Fighting       | 1 2 3 4 |  4.0
Spellcasting   | 3 |  3.0
Hexes          | 3 |  3.0
Evocations     | 1 4 |  4.0
Polearms       | 3 7 8 11 | 11.5
Dodging        | 3 4 |  4.0
Necromancy     | 4 |  4.0
Air Magic      | 2 |  2.0
Armour         | 1 2 |  2.0

Action                     |  1- 3 |  4- 6 |  7- 9 | 10-12 || total
---------------------------+-------+-------+-------+-------++-------
  Melee: Club              |    67 |     3 |       |       ||    70
         Dagger            |     9 |       |       |       ||     9
         Punch             |     1 |       |       |     1 ||     2
         Great sword       |       |    61 |       |       ||    61
         Spear             |       |       |   164 |       ||   164
         Trident           |       |       |    29 |   118 ||   147
   Cast: Summon Small Mamm |    25 |    43 |    94 |    13 ||   175
         Call Imp          |     1 |    12 |    30 |       ||    43
         Call Canine Famil |       |     7 |    38 |    10 ||    55
         Summon Guardian G |       |       |    15 |    19 ||    34
         Cigotuvi's Dreadf |       |       |     1 |       ||     1
    Use: Scroll            |       |     5 |     8 |       ||    13
         Potion            |       |       |     1 |       ||     1
   Stab: Sleeping          |     2 |     5 |       |     1 ||     8
         Distracted        |       |     2 |     8 |     2 ||    12
 Armour: Robe              |    12 |    11 |    22 |     2 ||    47
         Troll leather arm |       |       |       |    16 ||    16
  Dodge: Dodged            |    72 |    47 |    78 |    46 ||   243
